 Dungeon Crawl Stone Soup version 0.28.0-49-g6dfe1f597d (webtiles) character file.

Game seed: 14265385892767013448

37 Atelerd the Digger (level 3, -1/21 HPs)
             Began as an Octopode Earth Elementalist on May 14, 2022.
             Slain by a jackal (3 damage)
             ... on level 2 of the Dungeon.
             The game lasted 00:01:02 (1634 turns).

Atelerd the Digger (Octopode Earth Elementalist)    Turns: 1634, Time: 00:01:02

Health: -1/21      AC:  1    Str:  6 (7)  XL:     3   Next: 41%
Magic:  1/7        EV: 13    Int: 17 (19) God:
Gold:   69         SH:  0    Dex: 11 (12) Spells: 6/7 levels left

rFire   . . .      SeeInvis .   e - +0 dagger
rCold   . . .      Faith    .   (no shield)
rNeg    . . .      Spirit   .   (helmet restricted)
rPois   .          Reflect  .   (no amulet)
rElec   .          Harm     .   (no ring)
rCorr   .          Rampage  .   (no ring)
Will    .....                   (no ring)
Stlth   +++.......              (no ring)
HPRegen 0.07/turn               (no ring)
MPRegen 0.10/turn               (no ring)
                                (no ring)
                                (no ring)

@: no status effects
A: almost no armour, amphibious, 8 rings, camouflage 1, gelatinous body 1,
(nimble swimmer 1), tentacles
a: no special abilities


You were on level 2 of the Dungeon.
You visited 1 branch of the dungeon, and saw 2 of its levels.

You collected 69 gold pieces.

Inventory:

Hand Weapons
 e - a +0 dagger (weapon)
Missiles
 b - 36 stones
Jewellery
 f - a ring of positive energy
Scrolls
 a - a scroll of identify
 c - a scroll of enchant weapon
Potions
 d - a potion of degeneration


   Skills:
 - Level 2.0 Dodging
 - Level 2.6 Stealth
 + Level 2.6 Spellcasting
 + Level 1.0 Transmutations
 + Level 3.8 Earth Magic


You had 6 spell levels left.
You knew the following spells:

 Your Spells              Type           Power      Damage    Failure   Level
a - Sandblast             Erth           30%        2d9       3%          1

Your spell library contained the following spells:

 Spells                   Type           Power      Damage    Failure   Level
 Passwall                 Tmut/Erth      8%         N/A       10%         2
 Stone Arrow              Conj/Erth      16%        3d8       24%         3
 Petrify                  Tmut/Erth      10%        N/A       54%         4


Dungeon Overview and Level Annotations

Branches:
Dungeon (2/15)

Altars:
Vehumet


Innate Abilities, Weirdness & Mutations

You cannot wear most types of armour.
You are amphibious.
You can wear up to eight rings at the same time.
Your skin changes colour to match your surroundings (Stealth+).
Your rubbery body absorbs attacks. (AC +1, EV +1)
((You are camouflaged when in or above water. (Stealth+)))
You have tentacles for arms and can constrict up to eight enemies at once.


Message History

You kill the goblin!
The jackal misses you. The hobgoblin closely misses you.
The blast of sand hits the hobgoblin but does no damage.
The jackal closely misses you. x2; The hobgoblin misses you.
The blast of sand misses the hobgoblin.
The blast of sand hits the jackal.
The jackal is moderately wounded.
The jackal misses you. The jackal barely misses you.
The jackal closely misses you. The jackal barely misses you.
The hobgoblin misses you.
The blast of sand hits the jackal.
The jackal is heavily wounded.
The jackal misses you. The jackal bites you. x2
The hobgoblin closely misses you.
Unknown command.
You are too injured to fight recklessly!
You are too injured to fight recklessly!
You are too injured to fight recklessly!
It was a potion of degeneration.
There was something very wrong with that liquid.
You feel weakened.
You feel dopey.
You feel clumsy.
The jackal barely misses you. x2; The jackal closely misses you.
The jackal misses you. The hobgoblin hits you. The jackal bites you.
* * * LOW HITPOINT WARNING * * *
The jackal barely misses you.
Okay, then.
As you read the scroll labelled QULURO VULUE, it crumbles to dust.
It is a scroll of identify.
c - a scroll of enchant weapon The jackal barely misses you.
The jackal stops to sniff the ground.
The jackal closely misses you. The jackal bites you.
* * * LOW HITPOINT WARNING * * *
The hobgoblin barely misses you.
Unknown command.
Unknown command.
As you read the scroll labelled ADUSO QUGUUTS, it crumbles to dust.
The scroll dissolves into smoke.
It was a scroll of fog.
The jackal bites you.
* * * LOW HITPOINT WARNING * * *
The jackal closely misses you. The jackal bites you.
You die...

#.....##.........
#.......#.#
.....###.........
#.....#.#.#
.......#.......).
#######.#.#
.....#.#.........
##### #...#
.....#.#.........
#...# ##..#
.....#.#########
###.#.######..#
...###.#
#...#.........# ##.#
#.#
#######.##########..#
#.###.# #.§§@hh.#
#..# .#.....#
#..hgh§.# #..#
.####### #.§.§.......
#.># [# ######.......
#### .# #........ .#
#........ ..
#........ .##
#........


You could see 4 jackals and a hobgoblin.

Vanquished Creatures
  An adder (D:2)
  4 ball pythons
  3 endoplasms
  5 goblins
  4 hobgoblins
  A kobold (D:1)
  2 quokkas
  A bat (D:1)
  A frilled lizard (D:2)
  2 rats
24 creatures vanquished.

Notes
Turn   | Place    | Note
-------+----------+-------------------------------------------
     0 | D:1      | Atelerd the Octopode Earth Elementalist began the quest for
                  | the Orb.
     0 | D:1      | Reached XP level 1. HP: 11/11 MP: 3/3
   320 | D:1      | Reached XP level 2. HP: 17/17 MP: 1/5
   989 | D:2      | Found a faded altar of an unknown god.
  1154 | D:2      | Found a radiant altar of Vehumet.
  1189 | D:2      | Reached XP level 3. HP: 21/21 MP: 6/6
  1634 | D:2      | Slain by a jackal

Illustrated notes

Levels and vault maps discovered:
D:1:      ncdulo_wetmaze, layout_basic
D:2:      layout_basic, hellmonk_ecumenical_altar_lost_god, basic_altar,
          minmay_distorted

Action                   || total
-------------------------++-------
Melee: Unarmed           ||     2
       Dagger            ||    11
       Constrict         ||     4
       Tentacles         ||     3
       Punch             ||     1
 Cast: Sandblast         ||    31
  Use: Scroll            ||     2
       Potion            ||     1
 Stab: Sleeping          ||     2
Armor: Skin              ||     3
Dodge: Dodged            ||    39
